 Dungeon Crawl Stone Soup version 0.27-a0-1434-g6f15984924 (webtiles) character file.

Game seed: 17142740379360331892

131 Araneus the Cudgeller (level 4, -9/35 HPs)
             Began as a Demonspawn Fighter on July 3, 2021.
             Was an Initiate of Okawaru.
             Mangled by an ogre (24 damage)
             ... on level 3 of the Dungeon.
             The game lasted 00:03:40 (2561 turns).

Araneus the Cudgeller (Demonspawn Fighter)          Turns: 2561, Time: 00:03:43

Health: -9/35      AC:  7    Str: 17    XL:     4   Next: 91%
Magic:  4/4        EV:  6    Int:  9    God:    Okawaru [......]
Gold:   97         SH:  8    Dex: 13    Spells: 3/3 levels left

rFire    . . .     SeeInvis .   a - +0 flail
rCold    . . .     Faith    .   c - +0 kite shield
rNeg     . . .     Spirit   .   b - +0 scale mail
rPois    .         Reflect  .   (no helmet)
rElec    .         Harm     .   g - +0 cloak
rCorr    .         Rampage  .   (no gloves)
Will     .....                  (no boots)
Stlth    ..........             (no amulet)
HPRegen  0.11/turn              (no ring)
MPRegen  0.09/turn              (no ring)

@: no status effects
A: spiny 1, demonic magic 1
a: Renounce Religion


You were on level 3 of the Dungeon.
You worshipped Okawaru.
Okawaru was noncommittal.
You visited 1 branch of the dungeon, and saw 3 of its levels.

You collected 97 gold pieces.

Inventory:

Hand Weapons
 a - a +0 flail (weapon)
Armour
 b - a +0 scale mail (worn)
 c - a +0 kite shield (worn)
 g - a +0 cloak (worn)
Jewellery
 l - an amulet of faith
Scrolls
 e - 3 scrolls of identify {unknown}
 f - a scroll of blinking {unknown}
 h - a scroll of immolation {unknown}
 j - 2 scrolls of teleportation {unknown}
 m - a scroll of vulnerability {unknown}
 n - a scroll of silence {unknown}
Potions
 d - 2 potions of might
 i - a potion of flight {unknown}
 k - a potion of attraction {unknown}
 o - a potion of invisibility {unknown}


   Skills:
 - Level 3.0 Fighting
 + Level 4.7 Maces & Flails
 - Level 2.6 Armour
 - Level 2.6 Shields


You had 3 spell levels left.
You didn't know any spells.
Your spell library contained the following spells:

 Spells                   Type           Power      Damage    Failure   Level
 Animate Skeleton         Necr           0%         N/A       100%        1
 Apportation              Tloc           0%         N/A       100%        1
 Beastly Appendage        Tmut           0%         N/A       100%        1
 Corona                   Hex            0%         N/A       100%        1
 Summon Small Mammal      Summ           0%         N/A       100%        1
 Wereblood                Tmut           0%         N/A       100%        2
 Frozen Ramparts          Ice            0%         1d2       100%        3
 Spider Form              Tmut/Pois      0%         N/A       100%        3
 Ice Form                 Ice/Tmut       0%         N/A       100%        4
 Summon Ice Beast         Ice/Summ       0%         N/A       100%        4


Dungeon Overview and Level Annotations

Branches:
Dungeon (3/15)

Altars:
Okawaru


Innate Abilities, Weirdness & Mutations

You are partially covered in sharp spines.
Spells you cast may paralyse adjacent enemies.


Message History

The adder bites you but does no damage. x2
You thump the adder!
You kill the adder!
Okawaru accepts your kill.
No target in view!
No target in view!
HP restored.
An ogre comes into view. It is wielding a +0 giant club.
The ogre shouts!
Found a stone staircase leading up.
Found a leather armour.
The ogre is struck by your spines. The ogre barely misses you.
You sock the ogre!
The ogre is heavily wounded.
The ogre closely misses you.
You closely miss the ogre.
The ogre is heavily wounded.
You block the ogre's attack.
You thump the ogre!
The ogre is severely wounded.
The ogre hits you with a +0 giant club!
You barely miss the ogre.
The ogre is severely wounded.
You block the ogre's attack.
You closely miss the ogre.
The ogre is severely wounded.
The ogre hits you with a +0 giant club!
You are too injured to fight recklessly!
You are too injured to fight recklessly!
You barely miss the ogre.
The ogre is severely wounded.
The ogre is struck by your spines. The ogre barely misses you.
A frilled lizard comes into view.
The frilled lizard hisses angrily.
You hit the ogre.
The ogre is severely wounded.
You block the ogre's attack. The ogre is struck by your spines.
The ogre hits you with a +0 giant club!!
Ouch! That really hurt!
You die...

#.# #######..≈≈≈ #.#
#........≈≈≈ #.#
#.........≈≈
#.########.........≈≈
#..........†.......≈≈
##########.........≈≈
##........≈≈
#.#......≈≈
#.#@....≈≈≈
#.#.O....≈≈
#.#.....#≈≈ #.......#
≈ ###.....# .l<...#
....[.. .###.###


You could see an ogre and a frilled lizard.

Vanquished Creatures
  Jessica (D:2)
  A hound skeleton (D:2)
  4 adders
  2 dart slugs (D:2)
  An endoplasm (D:1)
  2 giant cockroaches (D:1)
  6 goblins
  6 hobgoblins
  5 jackals (D:1)
  5 kobolds
  2 quokkas
  7 ball pythons
  4 bats
  A frilled lizard (D:2)
  3 rats
50 creatures vanquished.

Vanquished Creatures (others)
  6 demonic plants (D:2)
6 creatures vanquished.

Grand Total: 56 creatures vanquished

Notes
Turn   | Place    | Note
-------+----------+-------------------------------------------
     0 | D:1      | Araneus the Demonspawn Fighter began the quest for the Orb.
     0 | D:1      | Reached XP level 1. HP: 18/18 MP: 1/1
    46 | D:1      | Reached skill level 2 in Maces & Flails
   119 | D:1      | Gained mutation: Spells you cast may paralyse adjacent
                  | enemies. [demonic ancestry]
   119 | D:1      | Reached XP level 2. HP: 19/24 MP: 2/2
   688 | D:1      | Reached skill level 3 in Maces & Flails
  1108 | D:2      | Gained mutation: You are partially covered in sharp spines.
                  | [demonic ancestry]
  1108 | D:2      | Reached XP level 3. HP: 26/29 MP: 3/3
  1338 | D:2      | Found an iron altar of Okawaru.
  1343 | D:2      | Became a worshipper of Warmaster Okawaru
  1435 | D:2      | Noticed Jessica
  1441 | D:2      | Killed Jessica
  1442 | D:2      | Reached skill level 4 in Maces & Flails
  1442 | D:2      | Reached XP level 4. HP: 7/35 MP: 4/4
  2142 | D:2      | Found a faded altar of an unknown god.
  2551 | D:3      | Noticed an ogre
  2561 | D:3      | Mangled by an ogre

Illustrated notes

Levels and vault maps discovered:
D:1:      giann_bridges, layout_basic, minmay_misc_feat_rows,
          hangedman_decor_push, dk_noncrumbling_4, chequers_serial_rivers_marsh,
          chequers_jeans
D:2:      layout_basic, shapermc_ecumenical_altar_flowoftime, basic_altar,
          minmay_3d_cube, uniq_jessica
D:3:      layout_basic, slow_altar_2, serial_rivers,
          chequers_serial_rivers_small_3, chequers_serial_rivers_room_b,
          chequers_serial_rivers_large_b, chequers_serial_rivers_marsh,
          kennysheep_generic_room_4

Skill      XL: |  1  2  3 |
---------------+----------+-----
Maces & Flails | 2 3 4 |  4.7
Fighting       | |  3.0
Armour         | |  2.6
Shields        | |  2.6

Action                   |  1- 3 |  4- 6 || total
-------------------------+-------+-------++-------
Melee: Flail             |   115 |    56 ||   171
Armor: Scale mail        |    62 |    14 ||    76
Dodge: Dodged            |    38 |    15 ||    53
Block: Kite shield       |    64 |    21 ||    85

Table legend: (Time is in decaauts)
 A = Elapsed time spent in this place.
 B = Non-inter-level travel time spent in this place.
 C = Inter-level travel time spent in this place.
 D = Time resting spent in this place.
 E = Time spent auto-exploring this place.
 F = Levels seen in this place.
 G = Mean time per level.
                   A        B        C        D        E       F      G
               +--------+--------+--------+--------+--------+-----+--------+
         Total |   2642 |   2604 |     38 |    249 |   1949 |   3 |  880.7 |
       Dungeon |   2642 |   2604 |     38 |    249 |   1949 |   3 |  880.7 |
               +--------+--------+--------+--------+--------+-----+--------+

Top non-repeatable levels by time:
     D:2: 1432 daAuts
     D:1: 1137 daAuts
     D:3: 72 daAuts
